 Dungeon Crawl Stone Soup version 0.28.0-43-g3370ac3207 (webtiles) character file.

Game seed: 12276356615158382623

5054 Ablot the Magician (level 10, -9/79 HPs)
             Began as a Gnoll Warper on Mar 23, 2022.
             Was an Elder of Okawaru.
             Mangled by a cyclops (25 damage)
             ... on level 8 of the Dungeon.
             The game lasted 00:24:58 (12778 turns).

Ablot the Magician (Gnoll Warper)                  Turns: 12778, Time: 00:24:59

Health: -9/79      AC: 17    Str: 14    XL:     10   Next: 56%
Magic:  21/21      EV: 13    Int: 14    God:    Okawaru [****..]
Gold:   392        SH:  7    Dex: 11    Spells: 11/23 levels left

rFire   . . .      SeeInvis .   a - +5 spear
rCold   . . .      Faith    +   o - +2 buckler
rNeg    . . .      Spirit   .   R - +0 acid dragon scales
rPois   .          Reflect  .   j - +1 hat
rElec   .          Harm     .   (no cloak)
rCorr   +          Rampage  .   O - +0 pair of gloves
Will    .....                   h - +2 pair of boots
Stlth   ++........              L - amulet of faith
HPRegen 0.23/turn               K - ring of wizardry
MPRegen 0.17/turn               V - +4 ring of protection

@: no status effects
A: fangs 1, strong nose, distributed training
a: Renounce Religion, Heroism, Finesse


You were on level 8 of the Dungeon.
You worshipped Okawaru.
Okawaru was greatly pleased with you.
You visited 2 branches of the dungeon, and saw 9 of its levels.
You also visited: Ossuary.

You collected 392 gold pieces.

Inventory:

Hand Weapons
 a - a +5 spear (weapon)
 v - a +1 whip of venom
 U - a +3 fustibalus of freezing
Missiles
 d - 5 boomerangs of dispersal
 f - 217 stones
 l - 73 sling bullets
 s - 104 bolts
 w - 8 boomerangs (quivered)
 F - 6 javelins
 G - 66 arrows
 J - 2 atropa-tipped darts
 S - a curare-tipped dart
 T - 8 poisoned darts
Armour
 h - a +2 pair of boots (worn)
 j - a +1 hat (worn)
 o - a +2 buckler (worn)
 O - a +0 pair of gloves (worn)
 P - a +2 ring mail of fire resistance
 R - +0 acid dragon scales (worn)
Magical Staves
 r - a staff of air
 W - a staff of conjuration
Jewellery
 k - a ring of positive energy
 K - a ring of wizardry (left hand)
 L - an amulet of faith (around neck)
 M - a ring of fire
 V - a +4 ring of protection (right hand)
Wands
 N - a wand of polymorph (14)
Scrolls
 c - 3 scrolls of blinking
 e - 3 scrolls of identify {unknown}
 n - 3 scrolls of enchant armour {unknown}
 p - 5 scrolls of teleportation
 q - 2 scrolls of vulnerability {unknown}
 t - a scroll of enchant weapon {unknown}
 x - a scroll of amnesia {unknown}
 y - 3 scrolls of magic mapping {unknown}
 z - 2 scrolls of immolation
 C - 4 scrolls of fog
 E - a scroll of summoning {unknown}
 I - a scroll of acquirement {unknown}
Potions
 g - a potion of mutation {unknown}
 i - 2 potions of might {unknown}
 m - 2 potions of flight {unknown}
 u - 3 potions of curing
 A - 4 potions of heal wounds {unknown}
 B - a potion of lignification {unknown}
 D - a potion of brilliance {unknown}
 H - a potion of cancellation {unknown}
 Q - 6 potions of haste {unknown}


   Skills:
 + Level 7.1 Fighting
 + Level 5.4 Short Blades
 + Level 5.4 Long Blades
 + Level 5.4 Axes
 + Level 5.4 Maces & Flails
 + Level 7.1 Polearms
 + Level 5.4 Staves
 + Level 5.4 Slings
 + Level 5.4 Bows
 + Level 5.4 Crossbows
 + Level 6.0 Throwing
 + Level 6.0 Armour
 + Level 7.1 Dodging
 + Level 5.4 Stealth
 + Level 5.4 Shields
 + Level 5.4 Unarmed Combat
 + Level 7.4 Spellcasting
 + Level 4.4 Conjurations
 + Level 4.4 Hexes
 + Level 4.4 Summonings
 + Level 4.4 Necromancy
 + Level 7.1 Translocations
 + Level 4.4 Transmutations
 + Level 4.4 Fire Magic
 + Level 4.4 Ice Magic
 + Level 4.4 Air Magic
 + Level 4.4 Earth Magic
 + Level 4.4 Poison Magic
 + Level 5.9 Invocations
 + Level 5.4 Evocations


You had 11 spell levels left.
You knew the following spells:

 Your Spells              Type           Power      Damage    Failure   Level
a - Blink                 Tloc           50%        N/A       1%          2
b - Freeze                Ice            68%        1d8       1%          1
c - Frozen Ramparts       Ice            34%        1d5       4%          3
d - Gell's Gravitas       Tloc           25%        N/A       1%          3
e - Conjure Flame         Conj/Fire      17%        6-21      4%          3

Your spell library contained the following spells:

 Spells                   Type           Power      Damage    Failure   Level
 Lesser Beckoning         Tloc           25%        N/A       1%          3
 Teleport Other           Tloc           25%        N/A       1%          3
 Ignite Poison            Fire/Tmut/Pois 17%        N/A       4%          3
 Manifold Assault         Tloc           25%        N/A       14%         5
 Airstrike                Air            8%         N/A       16%         4
 Hailstorm                Conj/Ice       17%        3d6       16%         4
 Sticky Flame             Conj/Fire      17%        2d4       16%         4
 Lightning Bolt           Conj/Air       8%         1d21      38%         5
 Summon Lightning Spire   Summ/Air       Unusable   N/A       N/A         4

Dungeon Overview and Level Annotations

Branches:
Dungeon (8/15)             Temple (1/1) D:5         Ossuary (visited)
   Lair: D:8-11

Altars:
Ashenzari
Cheibriados
Dithmenos
Elyvilon
Fedhas
Gozag
Hepliaklqana
Kikubaaqudgha
Makhleb
Nemelex Xobeh
Okawaru
Qazlal
Ru
Sif Muna
Trog
Uskayaw
Vehumet
Wu Jian
Xom
Yredelemnul
Zin
The Shining One

Shops:
D:2 *


Innate Abilities, Weirdness & Mutations

You have very sharp teeth.
Your uncanny sense of smell can sniff out nearby items.
Your experience applies equally to all skills.


Message History

You hit the cyclops.
The cyclops is lightly wounded.
You hit the cyclops.
The cyclops is moderately wounded.
The cyclops completely misses you.
You completely miss the cyclops.
The cyclops is moderately wounded.
You hit the cyclops.
The cyclops is moderately wounded.
You block the cyclops's attack.
You barely miss the cyclops.
The cyclops is moderately wounded.
You hit the cyclops but do no damage.
The cyclops is moderately wounded.
The cyclops hits you!!
You puncture the cyclops!
The cyclops is heavily wounded.
The cyclops hits you!
You hit the cyclops but do no damage.
The cyclops is heavily wounded.
You barely miss the cyclops.
The cyclops is heavily wounded.
You block the cyclops's attack.
You puncture the cyclops!
The cyclops is heavily wounded.
You hit the cyclops. You bite the cyclops, but do no damage.
The cyclops is severely wounded.
The cyclops hits you!
* * * LOW HITPOINT WARNING * * *
You hit the cyclops.
The cyclops is severely wounded.
You hit the cyclops but do no damage.
The cyclops is severely wounded.
The cyclops completely misses you.
You hit the cyclops.
The cyclops is severely wounded.
You barely miss the cyclops.
The cyclops is severely wounded.
The cyclops hits you!!
You die...

#.# #.# #.# #.#
#.# #.####
#....#
########.###.##
.......@........
......C......###
#...####.#####
### #.# ..# ###


You could see a cyclops.

Vanquished Creatures
  A skeletal warrior (D:7)
  A manticore (D:7)
  A troll (D:7)
  4 yaks (D:8)
  Menkaure (D:7)
  2 water moccasins (D:7)
  2 acid dragons (D:7)
  2 orc warriors (D:6)
  A sky beast (D:7)
  3 black bears
  2 ogres
  2 ice beasts (D:7)
  2 centaurs
  A phantom (D:6)
  2 kobold brigands (D:7)
  3 bullfrogs (D:7)
  3 scorpions
  A wyvern zombie (D:8)
  A wyvern skeleton (D:7)
  4 wights (D:7)
  2 centaur zombies (Ossuary)
  An electric eel (D:7)
  2 howler monkeys
  A bullfrog zombie (D:6)
  A gnoll shaman (D:6)
  A human zombie (Ossuary)
  An orc priest (D:5)
  2 hounds (D:7)
  A jelly (D:7)
  A bullfrog skeleton (D:6)
  A centaur skeleton (D:5)
  10 orc wizards
  4 mummies (Ossuary)
  A hound skeleton (D:4)
  3 adders
  9 gnolls
  A howler monkey skeleton (D:7)
  A shadow imp (D:5)
  A worm (D:3)
  4 dart slugs
  19 orcs
  5 bats
  5 endoplasms
  3 giant cockroaches
  4 hobgoblins
  4 quokkas
  5 ball pythons
  5 frilled lizards
  3 gnoll zombies (Ossuary)
  3 goblins (D:4)
  A goblin zombie (Ossuary)
  17 kobolds
  A kobold zombie (Ossuary)
  5 rats
  A bush (D:5)
168 creatures vanquished.

Notes
Turn   | Place    | Note
-------+----------+-------------------------------------------
     0 | D:1      | Ablot the Gnoll Warper began the quest for the Orb.
     0 | D:1      | Reached XP level 1. HP: 20/20 MP: 6/6
   202 | D:1      | Reached XP level 2. HP: 16/26 MP: 7/7
   460 | D:1      | Learned a level 2 spell: Blink
   795 | D:1      | Reached XP level 3. HP: 21/31 MP: 9/9
   923 | D:1      | Reached skill level 5 in Spellcasting
  1393 | D:1      | Found a faded altar of an unknown god.
  1616 | D:2      | Found Archircho's General Store.
  1758 | D:2      | Reached skill level 1 in Invocations
  2058 | D:3      | Found an ornate altar of the Wu Jian Council.
  2129 | D:3      | Found a shadowy altar of Dithmenos.
  2356 | D:3      | Reached skill level 1 in Short Blades
  2356 | D:3      | Reached skill level 1 in Long Blades
  2356 | D:3      | Reached skill level 1 in Axes
  2356 | D:3      | Reached skill level 1 in Maces & Flails
  2356 | D:3      | Reached skill level 1 in Staves
  2356 | D:3      | Reached skill level 1 in Slings
  2356 | D:3      | Reached skill level 1 in Bows
  2356 | D:3      | Reached skill level 1 in Crossbows
  2356 | D:3      | Reached skill level 1 in Stealth
  2356 | D:3      | Reached skill level 1 in Shields
  2356 | D:3      | Reached skill level 1 in Unarmed Combat
  2356 | D:3      | Reached skill level 1 in Evocations
  2356 | D:3      | Reached XP level 4. HP: 22/38 MP: 11/11
  2816 | D:4      | Found a sand-covered staircase.
  2825 | Ossuary  | Entered an ossuary
  2915 | Ossuary  | Reached skill level 1 in Conjurations
  2915 | Ossuary  | Reached skill level 1 in Hexes
  2915 | Ossuary  | Reached skill level 1 in Summonings
  2915 | Ossuary  | Reached skill level 1 in Necromancy
  2915 | Ossuary  | Reached skill level 1 in Transmutations
  2915 | Ossuary  | Reached skill level 1 in Fire Magic
  2915 | Ossuary  | Reached skill level 1 in Ice Magic
  2915 | Ossuary  | Reached skill level 1 in Air Magic
  2915 | Ossuary  | Reached skill level 1 in Earth Magic
  2915 | Ossuary  | Reached skill level 1 in Poison Magic
  2915 | Ossuary  | Reached XP level 5. HP: 24/43 MP: 12/12
  3963 | D:4      | Noticed a black bear
  3970 | D:4      | Found a stormy altar of Qazlal.
  3972 | D:4      | Noticed an air elemental
  3973 | D:4      | Noticed a fire elemental
  3973 | D:4      | Noticed a water elemental
  4009 | D:3      | Reached XP level 6. HP: 48/50 MP: 13/13
  4890 | D:4      | Killed a black bear
  4891 | D:4      | Reached skill level 5 in Fighting
  4891 | D:4      | Reached skill level 5 in Polearms
  4891 | D:4      | Reached skill level 5 in Dodging
  4982 | D:5      | Entered Level 5 of the Dungeon
  5232 | D:5      | Noticed a black bear
  5241 | D:5      | Killed a black bear
  5242 | D:5      | Reached XP level 7. HP: 56/56 MP: 15/15
  6387 | D:5      | Found a staircase to the Ecumenical Temple.
  6393 | Temple   | Entered the Ecumenical Temple
  6659 | Temple   | Became a worshipper of Warmaster Okawaru
  6729 | D:5      | Reached XP level 8. HP: 52/63 MP: 16/16
  6916 | D:5      | Learned a level 1 spell: Freeze
  6920 | D:5      | Learned a level 3 spell: Frozen Ramparts
  8374 | D:6      | Reached * piety under Okawaru
  9567 | D:7      | Reached XP level 9. HP: 59/69 MP: 18/18
 10013 | D:7      | Reached ** piety under Okawaru
 10274 | D:7      | Found a snail-covered altar of Cheibriados.
 10363 | D:7      | Reached skill level 5 in Throwing
 10363 | D:7      | Reached skill level 5 in Armour
 11287 | D:7      | Identified the +5 scale mail of Knowledge {Harm Str+5
                  | Int-5}
 11315 | D:7      | Reached *** piety under Okawaru
 11344 | D:7      | Noticed a troll
 11347 | D:7      | Reached skill level 5 in Invocations
 11378 | D:7      | Killed a troll
 11445 | D:7      | Learned a level 3 spell: Gell's Gravitas
 11476 | D:7      | Reached XP level 10. HP: 41/77 MP: 20/20
 11676 | D:7      | Noticed a manticore
 11698 | D:7      | Killed a manticore
 11698 | D:7      | Reached **** piety under Okawaru
 11699 | D:7      | Reached skill level 5 in Short Blades
 11699 | D:7      | Reached skill level 5 in Long Blades
 11699 | D:7      | Reached skill level 5 in Axes
 11699 | D:7      | Reached skill level 5 in Maces & Flails
 11699 | D:7      | Reached skill level 5 in Staves
 11699 | D:7      | Reached skill level 5 in Slings
 11699 | D:7      | Reached skill level 5 in Bows
 11699 | D:7      | Reached skill level 5 in Crossbows
 11699 | D:7      | Reached skill level 5 in Stealth
 11699 | D:7      | Reached skill level 5 in Shields
 11699 | D:7      | Reached skill level 5 in Unarmed Combat
 11699 | D:7      | Reached skill level 5 in Evocations
 11878 | D:7      | Noticed a skeletal warrior
 12036 | D:7      | Learned a level 3 spell: Conjure Flame
 12161 | D:7      | Noticed Menkaure
 12169 | D:7      | Killed Menkaure
 12351 | D:7      | Killed a skeletal warrior
 12351 | D:7      | Received a gift from Okawaru
 12758 | D:8      | Noticed a cyclops
 12778 | D:8      | Mangled by a cyclops

Illustrated notes

Levels and vault maps discovered:
D:1:      dpeg_arrival_round_b, layout_basic, nicolae_ecumenical_lake_church,
          serial_aquarium, aquarium_bridge_straight [aquarium_subvault_bridge,
          aquarium_subvault_wall, aquarium_subvault_bridge,
          aquarium_subvault_wall], aquarium_bridge_square
          [aquarium_subvault_bridge, aquarium_subvault_window,
          aquarium_subvault_balcony, aquarium_subvault_bridge],
          aquarium_window_1, aquarium_window_fake, aquarium_view_2d,
          aquarium_view_2g, aquarium_balcony_double_1, minmay_bisected
D:2:      layout_rooms, serial_shops, shop_fountains
D:3:      layout_rooms, mainiacjoe_overflow_small_starburst,
          nicolae_dithmenos_through_a_glass_darkly, minmay_crystal_room,
          kennysheep_generic_room_6
D:4:      layout_basic, nicolae_qazlal_style_of_elements,
          nicolae_ossuary_entry_ruins
D:5:      layout_basic, minmay_temple_entry_hall, st_stairs_12,
          kb_lookout_dungeons_type
D:6:      layout_basic
D:7:      minmay_the_grid_four_pointed_star
          [minmay_the_grid_triangle_9x9_shrine,
          minmay_the_grid_triangle_9x9_alien,
          minmay_the_grid_triangle_9x9_descending_squares,
          minmay_the_grid_triangle_9x9_from_above,
          minmay_the_grid_prize_four_corners_diamond_b], layout_rooms,
          mainiacjoe_overflow_brackets, kennysheep_cross_room, uniq_menkaure
D:8:      layout_loops_ring
Temple:   dpeg_five_rooms_temple

Skill      XL: |  1  2  3  4  5  6  7  8  9 10 |
---------------+-------------------------------+-----
Spellcasting   | 5 6 7 |  7.4
Invocations    | 1 2 3 4 5 |  5.9
Short Blades   | 1 2 3 4 5 |  5.4
Long Blades    | 1 2 3 4 5 |  5.4
Axes           | 1 2 3 4 5 |  5.4
Maces & Flails | 1 2 3 4 5 |  5.4
Staves         | 1 2 3 4 5 |  5.4
Slings         | 1 2 3 4 5 |  5.4
Bows           | 1 2 3 4 5 |  5.4
Crossbows      | 1 2 3 4 5 |  5.4
Stealth        | 1 2 3 4 5 |  5.4
Shields        | 1 2 3 4 5 |  5.4
Unarmed Combat | 1 2 3 4 5 |  5.4
Evocations     | 1 2 3 4 5 |  5.4
Conjurations   | 1 2 3 4 |  4.4
Hexes          | 1 2 3 4 |  4.4
Summonings     | 1 2 3 4 |  4.4
Necromancy     | 1 2 3 4 |  4.4
Transmutations | 1 2 3 4 |  4.4
Fire Magic     | 1 2 3 4 |  4.4
Ice Magic      | 1 2 3 4 |  4.4
Air Magic      | 1 2 3 4 |  4.4
Earth Magic    | 1 2 3 4 |  4.4
Poison Magic   | 1 2 3 4 |  4.4
Throwing       | 3 4 5 6 |  6.0
Armour         | 3 4 5 6 |  6.0
Fighting       | 5 6 7 |  7.1
Polearms       | 5 6 7 |  7.1
Dodging        | 5 6 7 |  7.1
Translocations | 6 7 |  7.1

Action                   |  1- 3 |  4- 6 |  7- 9 | 10-12 || total
-------------------------+-------+-------+-------+-------++-------
Melee: Spear             |   157 |   171 |    98 |   151 ||   577
       Bite              |    11 |    28 |    80 |    16 ||   135
       Punch             |       |     6 |    20 |       ||    26
       Trident           |       |    73 |   443 |       ||   516
       Whip              |       |       |    61 |       ||    61
       Unarmed           |       |       |    12 |       ||    12
Throw: Boomerang         |       |    20 |    24 |     3 ||    47
       Dart              |       |       |     3 |       ||     3
 Cast: Blink             |       |     4 |     3 |     1 ||     8
       Frozen Ramparts   |       |       |     2 |     3 ||     5
       Conjure Flame     |       |       |       |     6 ||     6
Invok: Heroism           |       |       |       |     1 ||     1
  Use: Scroll            |       |     1 |     1 |       ||     2
       Potion            |       |       |     1 |       ||     1
 Stab: Sleeping          |       |     5 |     2 |     1 ||     8
       Confused          |       |       |     1 |       ||     1
       Distracted        |       |       |     1 |     1 ||     2
Armor: Leather armour    |    21 |    55 |    32 |       ||   108
       Ring mail         |       |       |   101 |       ||   101
       Robe              |       |       |     5 |       ||     5
       Skin              |       |       |     1 |       ||     1
       Acid dragon scale |       |       |     1 |    20 ||    21
Dodge: Dodged            |    62 |   125 |   282 |    30 ||   499
Block: Buckler           |       |       |     6 |    20 ||    26
